 Dungeon Crawl Stone Soup version 0.14-a0-1097-gc7db7fc (webtiles) character file.

227 4tharraofdagon the Shield-Bearer (level 4, 0/32 HPs)
             Began as a Halfling Fighter on Nov 28, 2013.
             Slain by a jackal (2 damage)
             ... on Level 4 of the Dungeon.
             The game lasted 00:04:58 (1060 turns).

4tharraofdagon the Shield-Bearer (Halfling Fighter) Turns: 1060, Time: 00:04:58

HP   0/32        AC  7     Str 14      XL: 4   Next: 51%
MP  12/12        EV  9     Int  8      God:
Gold 154         SH 12     Dex 15      Spells:  0 memorised,  3 levels left

rFire  . . .     SeeInvis .     a - +0 falchion
rCold  . . .     Clarity  .     q - +1 dwarf scale mail
rNeg   . . .     Conserve .     c - +0 buckler
rPois  +         rCorr    .     m - +1 dwarf spiked helmet (curse)
rElec  .         rRot     .     (no cloak)
SustAb . .       Spirit   .     (no gloves)
rMut   .         Warding  .     (no boots)
Saprov . . .     Stasis   .     (no amulet)
                                p - ring of magical power
                                j - ring of poison resistance

@: slightly resistant to hostile enchantments, extremely unstealthy
A: blurry vision 1, deformed body, mutation resistance 1, slow metabolism 1
a: no special abilities


You were on level 4 of the Dungeon.
You were not hungry.

You visited 1 branch of the dungeon, and saw 4 of its levels.

You collected 154 gold pieces.

Inventory:

Hand weapons
 a - a +0,+0 falchion (weapon)
 k - a +1,+1 hand axe of chopping
Armour
 b - a +0 scale mail
 c - a +0 buckler (worn)
 m - a cursed +1 dwarven spiked helmet (worn)
 q - a +1 dwarven scale mail (worn)
Comestibles
 d - 3 bread rations
 f - a meat ration
Scrolls
 e - a scroll of teleportation {unknown}
 g - 2 scrolls of fog {unknown}
 h - a scroll of noise {unknown}
 i - a scroll of amnesia {unknown}
 n - 2 scrolls of remove curse {unknown}
 r - a scroll of recharging {unknown}
Jewellery
 j - a ring of poison resistance (left hand)
 p - a ring of magical power (right hand)
Books
 s - a book of Wizardry

   Spells                             Type                      Level
   Summon Elemental                   Summoning                    4
   Agony                              Necromancy                   5
   Force Lance                        Conjuration                  5
   Fireball                           Conjuration/Fire             5
   Haste                              Charms                       6
   Invisibility                       Hexes                        6


   Skills:
 + Level 3.1 Fighting
 * Level 3.1 Long Blades
 - Level 0.6 Axes
 + Level 2.6 Armour
 + Level 1.7 Dodging
 - Level 3.4 Shields


You had 3 spell levels left.
You didn't know any spells.

Dungeon Overview and Level Annotations

Branches:
Dungeon (4/16)
 Temple: D:4-7

Altars:

Annotations:
D:1 exclusion: door


Innate Abilities, Weirdness & Mutations

You are small and have problems with some larger weapons.
You are somewhat resistant to further mutation.
You have a slow metabolism.
Your vision is a little blurry.
Armour fits poorly on your strangely shaped body.


Message History

Unknown command.
Read which item? (? for menu, Esc to quit)
As you read the scroll labeled UMURCH UF IHO, it crumbles to dust.
Use on which item? (\ to view known items) (? for menu, Esc to quit)
Nothing appears to happen.
The bat hits you but does no damage. You block the bat's attack.
The jackal bites you but does no damage.
The jackal barely misses you. The giant cockroach barely misses you.
The jackal barely misses you.
Unknown command.
Read which item? (? for menu, Esc to quit)
The writing blurs in front of your eyes.
The bat barely misses you. You block the jackal's attack.
The jackal bites you but does no damage.
The jackal bites you.
* * * LOW HITPOINT WARNING * * *
The giant cockroach bites you but does no damage.
The jackal bites you but does no damage.
The jackal bites you.
You die...

. #.........P.. #.
#.......P.P.. #.
#..........≈≈ #.
##+#####...≈≈ #. #P.≈j≈
#. #O{≈≈≈ #b #.{≈≈≈
#######'### #Pj{≈≈
......Oh@s### ####+#..?≈≈
.......hhhO.###.........P
..<....rl#..##......P.P.
.........##..#........##
.........###.'.........#
........# ###.........#
######## #########.. #.


You could see 2 ogres, an iguana, 4 jackals, a giant cockroach, a bat and a rat.

Vanquished Creatures
  Terence (D:2)
  2 adders
  A worm (D:3)
  A giant gecko (D:1)
  An ooze (D:1)
  8 hobgoblins
  3 quokkas
  2 ball pythons
  A bat (D:2)
  2 giant cockroaches (D:3)
  2 giant newts (D:1)
  A giant newt skeleton (D:4)
  5 goblins
  4 kobolds
  3 rats
37 creatures vanquished.

Notes
Turn   | Place    | Note
--------------------------------------------------------------
     0 | D:1      | 4tharraofdagon, the Halfling Fighter, began the quest for the Orb.
     0 | D:1      | Reached XP level 1. HP: 16/16 MP: 0/0
   235 | D:2      | Reached XP level 2. HP: 13/21 MP: 1/1
   368 | D:1      | Reached skill level 1 in Dodging
   546 | D:2      | Reached XP level 3. HP: 27/27 MP: 2/2
   664 | D:2      | Noticed Terence
   684 | D:2      | Killed Terence
   756 | D:3      | Reached XP level 4. HP: 32/32 MP: 3/3
   967 | D:3      | Gained mutation: Your vision is a little blurry. [potion of mutation]
   967 | D:3      | Gained mutation: Armour fits poorly on your strangely shaped body. [potion of mutation]
  1019 | D:4      | Noticed an ogre
  1031 | D:4      | Noticed an agate snail
  1032 | D:4      | Noticed a giant goldfish
  1032 | D:4      | Noticed an agate snail
  1035 | D:4      | Noticed a giant goldfish
  1038 | D:4      | Noticed a giant goldfish
  1053 | D:4      | Noticed an ogre
  1060 | D:4      | Slain by a jackal

Action                   |  1- 3 |  4- 6 || total
-------------------------+-------+-------++-------
Melee: Falchion          |   110 |    49 ||   159
  Use: Potion            |     1 |     5 ||     6
       Scroll            |       |     1 ||     1
 Stab: Sleeping          |       |     2 ||     2
       Invisible         |       |     1 ||     1
